[Event "Titled Tuesday Blitz May 17 Late 2022"]
[White "Adewumi, Tanitoluwa"]
[Black "Kamsky, Gata"]
[WhiteFideId "30966396"]
[BlackFideId "2000024"]
[WhiteElo "2492"]
[BlackElo "2645"]
[Result "1/2-1/2"]
[Round "01"]
[TimeControl "180+1"]
[Date "2022.05.17"]
[WhiteClock "0:00:06"]
[BlackClock "0:00:30"]

1. e4 c5 2. Nf3 e6 3. Nc3 a6 4. d4 cxd4 5. Nxd4 b5 6. Be3 Bb7 7. f3 Qc7 8. Bd3 Nf6 9. O-O Bc5 10. Qe1 O-O 11. Nb3 Bxe3+ 12. Qxe3 d6 13. Rae1 Nbd7 14. g4 e5 15. h3 Rac8 16. f4 exf4 17. Rxf4 Qb6 18. Qxb6 Nxb6 19. Na5 Ba8 20. e5 Rfe8 21. Bf5 Rxe5 22. Rxe5 dxe5 23. Bxc8 exf4 24. Bxa6 b4 25. Ne2 g5 26. Bd3 h5 27. gxh5 Nxh5 28. Kf2 Bd5 29. c4 bxc3 30. Nxc3 Be6 31. a4 Bxh3 32. Nc6 Bd7 33. a5 Bxc6 34. axb6 Nf6 35. Bb5 Bb7 36. Na4 Ne4+ 37. Kg1 f3 38. Bd3 Nd6 39. Nc5 Bd5 40. Ba6 g4 41. b7 Bxb7 42. Bxb7 f5 43. Kf2 Kf7 44. Bd5+ Kf6 45. Nd3 Kg5 46. b4 f4 47. b5 Nxb5 48. Bxf3 gxf3 49. Kxf3 Nd4+ 50. Kf2 Kf5 51. Nxf4 1/2-1/2


[Site "https://www.chess.com"]

[Event "Titled Tuesday Blitz May 17 Late 2022"]
[White "Andreikin, Dmitry"]
[Black "Pinheiro, Iung Alicio de O."]
[WhiteFideId "4158814"]
[BlackFideId "2104350"]
[WhiteElo "2736"]
[BlackElo "2283"]
[Result "1-0"]
[Round "01"]
[TimeControl "180+1"]
[Date "2022.05.17"]
[WhiteClock "0:02:34"]
[BlackClock "0:00:56"]

1. d4 Nf6 2. c4 g6 3. Nc3 d5 4. cxd5 Nxd5 5. e4 Nxc3 6. bxc3 Bg7 7. Be3 c5 8. Qd2 Qa5 9. Rc1 O-O 10. Nf3 Rd8 11. d5 e6 12. Bg5 f6 13. Be3 exd5 14. exd5 Bg4 15. Bc4 Nc6 16. dxc6+ Kh8 17. cxb7 Rab8 18. Qe2 Rxb7 19. O-O h5 20. h3 Bf5 21. Nh4 Be4 22. f3 1-0


[Site "https://www.chess.com"]

[Event "Titled Tuesday Blitz May 17 Late 2022"]
[White "Baches Garcia, Guillermo"]
[Black "Babazada, Khazar"]
[WhiteFideId "2209764"]
[BlackFideId "13413554"]
[WhiteElo "2505"]
[BlackElo "2406"]
[Result "0-1"]
[Round "01"]
[TimeControl "180+1"]
[Date "2022.05.17"]
[WhiteClock "0:00:05"]
[BlackClock "0:00:54"]

1. e4 Nf6 2. Nc3 d5 3. e5 Nfd7 4. d4 c5 5. f4 cxd4 6. Qxd4 e6 7. Be3 Bc5 8. Qd2 Bxe3 9. Qxe3 Nc6 10. Nf3 a6 11. O-O-O Qb6 12. Qe1 g6 13. Bd3 Nc5 14. Kb1 Bd7 15. g4 O-O-O 16. Ne2 Kb8 17. Qf2 Rc8 18. Nfd4 Nb4 19. Qe3 Rc7 20. a3 Nbxd3 21. cxd3 Rhc8 22. Rc1 Bb5 23. Nxb5 Qxb5 24. Rhd1 Nb3 25. Rxc7 Rxc7 26. Nc1 d4 27. Qe2 Nc5 28. Rd2 Na4 0-1


[Site "https://www.chess.com"]

[Event "Titled Tuesday Blitz May 17 Late 2022"]
[White "Bluebaum, Matthias"]
[Black "Atanasov, Anthony"]
[WhiteFideId "24651516"]
[BlackFideId "2623897"]
[WhiteElo "2556"]
[BlackElo "1928"]
[Result "1-0"]
[Round "01"]
[TimeControl "180+1"]
[Date "2022.05.17"]
[WhiteClock "0:02:48"]
[BlackClock "0:01:59"]

1. d4 Nf6 2. c4 g6 3. Nc3 d5 4. cxd5 Nxd5 5. e4 Nxc3 6. bxc3 Bg7 7. Bc4 c5 8. Ne2 O-O 9. Be3 Nc6 10. Rc1 cxd4 11. cxd4 Qa5+ 12. Rc3 Rd8 13. Qd2 Nxd4 14. Nxd4 Bxd4 15. Bxd4 e5 16. Bxf7+ Kxf7 17. Rf3+ 1-0


[Site "https://www.chess.com"]

[Event "Titled Tuesday Blitz May 17 Late 2022"]
[White "Bortnyk, Olexandr"]
[Black "McCoy, Owen"]
[WhiteFideId "14120828"]
[BlackFideId "30924502"]
[WhiteElo "2723"]
[BlackElo "2538"]
[Result "1-0"]
[Round "01"]
[TimeControl "180+1"]
[Date "2022.05.17"]
[WhiteClock "0:02:16"]
[BlackClock "0:00:15"]

1. e4 e5 2. Bc4 Nf6 3. d3 c6 4. Nf3 d5 5. Bb3 Bb4+ 6. Bd2 Bd6 7. Nc3 d4 8. Ne2 O-O 9. h3 Nfd7 10. g4 Nc5 11. Ng3 a5 12. a3 Nxb3 13. cxb3 b6 14. Nf5 Bc7 15. Qc1 Ba6 16. Bh6 g6 17. Bg7 gxf5 18. Qh6 f6 19. gxf5 Kf7 20. Qxh7 Nd7 21. Bxf8+ Kxf8 22. Rg1 Ke8 23. Rg7 Nf8 24. Qh5+ Ng6 25. Qxg6+ Kf8 26. Qf7# 1-0


[Site "https://www.chess.com"]

[Event "Titled Tuesday Blitz May 17 Late 2022"]
[White "Chigaev, Maksim"]
[Black "Jegorovas, Aleksandras"]
[WhiteFideId "4108116"]
[BlackFideId "12801950"]
[WhiteElo "2457"]
[BlackElo "2247"]
[Result "1-0"]
[Round "01"]
[TimeControl "180+1"]
[Date "2022.05.17"]
[WhiteClock "0:00:23"]
[BlackClock "0:00:10"]

1. e4 e6 2. d4 d5 3. Bd3 dxe4 4. Bxe4 Nf6 5. Bf3 c5 6. Ne2 Nc6 7. Be3 cxd4 8. Nxd4 Ne5 9. Nc3 a6 10. Qe2 Nxf3+ 11. gxf3 Bb4 12. O-O-O Qa5 13. Nb3 Qc7 14. Bd4 Bd7 15. Rhg1 O-O-O 16. Rxg7 Be8 17. Kb1 Bxc3 18. Bxc3 Nd5 19. Be5 Bb5 20. Qe1 Qc4 21. Rxf7 Rhf8 22. Rxf8 Rxf8 23. Rd4 Qe2 24. Qxe2 Bxe2 25. Bg3 Bxf3 26. Nc5 Bg4 27. a3 b6 28. Ne4 Kb7 29. c4 Nf4 30. Bxf4 Bf5 31. Ka2 1-0


[Site "https://www.chess.com"]

[Event "Titled Tuesday Blitz May 17 Late 2022"]
[White "Cremisi, Daniel"]
[Black "Bok, Benjamin"]
[WhiteFideId "2089882"]
[BlackFideId "1017063"]
[WhiteElo "2172"]
[BlackElo "2658"]
[Result "0-1"]
[Round "01"]
[TimeControl "180+1"]
[Date "2022.05.17"]
[WhiteClock "0:01:06"]
[BlackClock "0:00:29"]

1. d4 d5 2. c4 c6 3. Nc3 Nf6 4. cxd5 cxd5 5. Nf3 Nc6 6. Bf4 Bf5 7. e3 e6 8. Bd3 Bxd3 9. Qxd3 Be7 10. O-O O-O 11. Ne5 Qb6 12. Nxc6 Qxc6 13. Rac1 Rfc8 14. h3 Qc4 15. Qxc4 Rxc4 16. Ne2 Rac8 17. Rxc4 dxc4 18. Bg5 Nd5 19. Bxe7 Nxe7 20. Rc1 Kf8 21. b3 cxb3 22. Rxc8+ Nxc8 23. axb3 Ke7 24. Kf1 Kd6 25. Nc3 Kc6 26. Ke2 a5 27. Kd3 b5 28. e4 Nb6 29. f4 f5 30. exf5 exf5 31. g4 Nd5 32. Ne2 g6 33. gxf5 gxf5 34. h4 Kd6 35. Kd2 Ke6 36. Ke1 Kf6 37. Kf1 a4 38. bxa4 bxa4 39. Nc1 Nxf4 40. Kf2 Ke6 41. Ke3 Ng2+ 42. Kd3 Nxh4 43. Kc4 Nf3 44. Ne2 a3 45. Kb3 Kd5 46. Kxa3 Nxd4 47. Nf4+ Ke4 48. Nh5 f4 49. Kb2 f3 50. Ng3+ Kf4 51. Nf1 Nf5 52. Kc3 Ne3 53. Nd2 f2 54. Kd3 f1=Q+ 55. Nxf1 Nxf1 56. Ke2 Ng3+ 57. Kf2 h5 58. Kg2 Kg4 59. Kh2 h4 60. Kg2 h3+ 61. Kh2 Ne4 62. Kg1 Kg3 63. Kh1 Nf2+ 64. Kg1 h2+ 0-1


[Site "https://www.chess.com"]

[Event "Titled Tuesday Blitz May 17 Late 2022"]
[White "Demchenko, Anton"]
[Black "Zatonskih, Anna"]
[WhiteFideId "4160258"]
[BlackFideId "14101572"]
[WhiteElo "2539"]
[BlackElo "2329"]
[Result "1/2-1/2"]
[Round "01"]
[TimeControl "180+1"]
[Date "2022.05.17"]
[WhiteClock "0:00:11"]
[BlackClock "0:00:17"]

1. e4 d5 2. exd5 Qxd5 3. Nc3 Qd6 4. Nf3 c6 5. g3 Nf6 6. Bg2 Bg4 7. h3 Bh5 8. O-O e6 9. d3 Qc7 10. Ne2 e5 11. g4 Bg6 12. Nh4 Nbd7 13. Ng3 O-O-O 14. a4 Kb8 15. Rb1 Nd5 16. Qe1 Nf4 17. Bxf4 exf4 18. Ne4 Nc5 19. Nxg6 hxg6 20. b4 Nxa4 21. b5 c5 22. b6 Nxb6 23. Nc3 f3 24. Nb5 fxg2 25. Nxc7 gxf1=Q+ 26. Kxf1 Kxc7 27. Qe5+ Bd6 28. Qxg7 Rxh3 29. Kg2 Rh2+ 30. Kg1 Rdh8 31. Qxf7+ Kc6 32. Qf3+ Kc7 33. Qf7+ Kb8 34. Rb5 Rh1+ 35. Kg2 R1h2+ 36. Kg1 Rh1+ 37. Kg2 R1h2+ 38. Kg1 1/2-1/2


[Site "https://www.chess.com"]

[Event "Titled Tuesday Blitz May 17 Late 2022"]
[White "Drygalov, Sergey"]
[Black "Wagner, Dinara"]
[WhiteFideId "24171743"]
[BlackFideId "24157570"]
[WhiteElo "2514"]
[BlackElo "2216"]
[Result "1/2-1/2"]
[Round "01"]
[TimeControl "180+1"]
[Date "2022.05.17"]
[WhiteClock "0:00:13"]
[BlackClock "0:00:06"]

1. d4 Nf6 2. c4 e6 3. Nf3 d5 4. Nc3 dxc4 5. e4 Bb4 6. Bxc4 Nxe4 7. O-O Nf6 8. Qa4+ Nc6 9. Ne5 Rb8 10. Nxc6 bxc6 11. Qxa7 Bd7 12. Bf4 Bd6 13. Bxd6 cxd6 14. Qa3 Qe7 15. Be2 O-O 16. b3 e5 17. dxe5 Qxe5 18. Rac1 Bg4 19. Rfe1 Bxe2 20. Rxe2 Qd4 21. Qb2 Rfe8 22. Rd2 Qe5 23. h3 d5 24. Na4 Qd6 25. Rdc2 Rbc8 26. Nc5 Ne4 27. b4 Qf4 28. Nd3 Qh6 29. Qd4 Ng5 30. b5 c5 31. Nxc5 Qg6 32. Kh1 Rcd8 33. a4 h5 34. a5 Qf5 35. b6 Nxh3 36. gxh3 Qxh3+ 37. Kg1 Rd6 38. Qd3 Rg6+ 39. Qxg6 fxg6 40. Rc3 Qg4+ 41. Rg3 Qf4 42. Rf1 h4 43. Rg2 h3 44. Rg3 Re2 45. Rxh3 Qd4 46. Nd3 Ra2 47. b7 Qa7 48. Rb1 Qb8 49. Nc5 Rxa5 50. Nd7 Ra1 51. Nxb8 Rxb1+ 52. Kg2 Rxb7 53. Nc6 Kf7 54. Nd4 Kf6 55. Re3 Kg5 56. Nf3+ Kf5 57. Rd3 Rb5 58. Nd4+ Ke4 59. Nxb5 Kxd3 60. Kf3 d4 61. Nd6 Kd2 62. Ke4 d3 63. Nc4+ Ke2 64. f4 d2 65. Ne3 d1=Q 66. Nxd1 Kxd1 67. f5 gxf5+ 68. Kxf5 g6+ 69. Kxg6 1/2-1/2


[Site "https://www.chess.com"]

[Event "Titled Tuesday Blitz May 17 Late 2022"]
[White "Ezat, Mohamed"]
[Black "Sadhwani, Raunak"]
[WhiteFideId "10600906"]
[BlackFideId "35093487"]
[WhiteElo "2386"]
[BlackElo "2616"]
[Result "0-1"]
[Round "01"]
[TimeControl "180+1"]
[Date "2022.05.17"]
[WhiteClock "0:00:54"]
[BlackClock "0:01:54"]

1. d4 g6 2. c4 Bg7 3. e4 d6 4. Nc3 Nd7 5. Nf3 Ngf6 6. Be2 O-O 7. O-O e5 8. Bg5 Re8 9. dxe5 dxe5 10. Nd5 h6 11. Nxf6+ Nxf6 12. Qxd8 Rxd8 13. Bxf6 Bxf6 14. Rad1 Be6 15. b3 a5 16. Rxd8+ Rxd8 17. Rd1 Ra8 18. Ne1 a4 19. Nc2 axb3 20. axb3 Ra2 21. Bd3 Rb2 22. b4 Be7 23. c5 Bb3 24. Rc1 Bxc2 25. Rxc2 Rb1+ 26. Bf1 Rxb4 27. c6 b5 28. f3 Rb1 29. Kf2 b4 30. Bc4 b3 31. Rd2 Bc5+ 32. Kg3 Bd4 33. f4 b2 34. Bd3 Rc1 0-1


[Site "https://www.chess.com"]

[Event "Titled Tuesday Blitz May 17 Late 2022"]
[White "Grischuk, Alexander"]
[Black "Al-Tarboush, Ward"]
[WhiteFideId "4126025"]
[BlackFideId "7601450"]
[WhiteElo "2762"]
[BlackElo "2294"]
[Result "1-0"]
[Round "01"]
[TimeControl "180+1"]
[Date "2022.05.17"]
[WhiteClock "0:00:55"]
[BlackClock "0:00:05"]

1. d4 d5 2. Nf3 Nf6 3. Bf4 c5 4. e3 Nc6 5. Nbd2 cxd4 6. exd4 Bg4 7. h3 Bh5 8. c3 e6 9. Qb3 Qc8 10. g4 Bg6 11. Nh4 Be7 12. Nxg6 hxg6 13. Bg2 a6 14. Qd1 b5 15. Qe2 Qd7 16. Nb3 Qa7 17. O-O O-O 18. h4 Nh7 19. g5 Rfd8 20. Qg4 a5 21. Nd2 b4 22. Nf3 a4 23. a3 bxa3 24. bxa3 Na5 25. Rfe1 Nc4 26. Ne5 Nxe5 27. Bxe5 Qa5 28. Re3 Ra7 29. Bf1 Rb7 30. c4 Rb3 31. Rxb3 axb3 32. c5 b2 33. Rb1 Qxa3 34. Qe2 Nf8 35. Qxb2 Qf3 36. Qb3 Qg4+ 37. Qg3 Qxg3+ 38. Bxg3 f6 39. c6 Rc8 40. c7 e5 41. dxe5 fxe5 42. Bxe5 Ne6 43. Bh3 Kf7 44. Rb6 1-0


[Site "https://www.chess.com"]

[Event "Titled Tuesday Blitz May 17 Late 2022"]
[White "Hamley, Ryan"]
[Black "Dubov, Daniil"]
[WhiteFideId "30959497"]
[BlackFideId "24126055"]
[WhiteElo "2539"]
[BlackElo "2791"]
[Result "0-1"]
[Round "01"]
[TimeControl "180+1"]
[Date "2022.05.17"]
[WhiteClock "0:00:01"]
[BlackClock "0:01:24"]

1. d4 Nf6 2. Nf3 e6 3. Bf4 d5 4. e3 Be7 5. Bd3 O-O 6. O-O b6 7. h3 Ba6 8. Ne5 Bxd3 9. Qxd3 Nfd7 10. Nf3 c5 11. c3 Nc6 12. Nbd2 c4 13. Qc2 f5 14. Bg3 b5 15. b3 a6 16. Nh2 Qc8 17. f3 cxb3 18. axb3 Nb4 19. Qb2 f4 20. Bxf4 Nd3 21. Qc2 Nxf4 22. exf4 Rxf4 23. Rfe1 Qc6 24. Qd3 Rc8 25. Rac1 Ba3 26. Rc2 Rxd4 27. Qe3 Nf8 28. Ra1 Bd6 29. cxd4 Qxc2 30. Rxa6 Rc3 31. Qf2 Bf4 32. Nhf1 Rd3 33. Ne4 Qc1 34. Nc5 Rd1 35. g3 Be3 0-1


[Site "https://www.chess.com"]

[Event "Titled Tuesday Blitz May 17 Late 2022"]
[White "Hansen, Eric"]
[Black "Prohorov, Olexandr"]
[WhiteFideId "2606771"]
[BlackFideId "14105578"]
[WhiteElo "2568"]
[BlackElo "1993"]
[Result "1-0"]
[Round "01"]
[TimeControl "180+1"]
[Date "2022.05.17"]
[WhiteClock "0:01:46"]
[BlackClock "0:01:39"]

1. b3 Nf6 2. Bb2 g6 3. c4 Bg7 4. g3 O-O 5. Bg2 d6 6. d4 Bf5 7. Nc3 c6 8. e4 Bg4 9. f3 Bd7 10. Nge2 Qc8 11. O-O Bh3 12. e5 Ne8 13. Ne4 Bxg2 14. Kxg2 d5 15. Nf2 Na6 16. Ba3 Qd8 17. Rc1 b5 18. Nf4 Bh6 19. Qd2 Rb8 20. Ng4 Bg7 21. cxd5 cxd5 22. h4 h5 23. Ne3 b4 24. Bb2 e6 25. Rc6 Rb6 26. Rfc1 Rxc6 27. Rxc6 Qd7 28. Rxa6 1-0


[Site "https://www.chess.com"]

[Event "Titled Tuesday Blitz May 17 Late 2022"]
[White "Holt, Conrad"]
[Black "Milchev, Nikolay"]
[WhiteFideId "2034387"]
[BlackFideId "2906090"]
[WhiteElo "2586"]
[BlackElo "2449"]
[Result "1-0"]
[Round "01"]
[TimeControl "180+1"]
[Date "2022.05.17"]
[WhiteClock "0:00:18"]
[BlackClock "0:00:24"]

1. d4 Nf6 2. c4 g6 3. Nc3 Bg7 4. e4 O-O 5. Nf3 d6 6. h3 c5 7. d5 b5 8. cxb5 a6 9. a4 Qa5 10. Nd2 axb5 11. Bxb5 Ba6 12. Ra3 Nbd7 13. Nc4 Qc7 14. O-O Rfb8 15. Qe2 Ne8 16. Bxa6 Rxa6 17. Ne5 Nxe5 18. Qxa6 c4 19. Nb5 Qc5 20. Qa7 Qxa7 21. Nxa7 Nd3 22. Nc6 Rb7 23. Na5 Rc7 24. Nxc4 Nxc1 25. Rxc1 Bxb2 26. Nxb2 Rxc1+ 27. Kh2 Nc7 28. Kg3 Na6 29. Nd3 Rc2 30. Kf3 Kf8 31. Ke3 Ke8 32. Rb3 Ra2 33. Nb2 Nc5 34. Rb4 Ra3+ 35. Kd4 Kd7 36. e5 Kc7 37. Kc4 f6 38. exd6+ exd6 39. Kb5 Kb7 40. Nc4 Rc3 41. Nxd6+ Kc7 42. Ne8+ Kd7 43. Nxf6+ Kd6 44. Ne4+ Nxe4 45. Rxe4 Kxd5 46. Re2 Rb3+ 47. Ka6 Kc6 48. Rc2+ Kd7 49. a5 Rb4 50. Ka7 Rb3 51. a6 Rb4 52. Ka8 Kd8 53. Rc3 Kd7 54. Rf3 Kc7 55. Rf7+ Kc8 56. Rxh7 Rb2 57. Rf7 g5 58. Ka7 Rb3 59. Rf5 Rb2 60. Rxg5 Rxf2 61. Kb6 Rf7 62. a7 Rf6+ 63. Kb5 Kb7 64. h4 Kxa7 65. h5 Kb7 66. g4 Rf7 67. Kc5 Rf4 68. Kd5 Kc8 69. Ke5 Kd8 70. Kxf4 Ke7 71. h6 Kf6 72. h7 Kf7 73. h8=Q Ke6 74. Qh6+ Kf7 75. Rg7+ 1-0


[Site "https://www.chess.com"]

[Event "Titled Tuesday Blitz May 17 Late 2022"]
[White "Jobava, Baadur"]
[Black "Obrien, Matthew"]
[WhiteFideId "13601520"]
[BlackFideId "2059150"]
[WhiteElo "2617"]
[BlackElo "2541"]
[Result "0-1"]
[Round "01"]
[TimeControl "180+1"]
[Date "2022.05.17"]
[WhiteClock "0:02:09"]
[BlackClock "0:00:15"]

1. b3 d5 2. Bb2 e6 3. f4 Nf6 4. Nf3 Bd6 5. e3 O-O 6. g4 c5 7. g5 Nfd7 8. h4 Nc6 9. h5 e5 10. Nc3 exf4 11. Nxd5 fxe3 12. dxe3 Bg3+ 13. Ke2 Nde5 14. Rg1 Nxf3 15. Rxg3 Nfe5 16. Kf2 Be6 17. c4 f6 18. gxf6 Rxf6+ 19. Nxf6+ Qxf6+ 20. Kg1 Rf8 21. Be2 Qf2+ 22. Kh1 Qxg3 23. Qe1 Rf2 0-1


[Site "https://www.chess.com"]

[Event "Titled Tuesday Blitz May 17 Late 2022"]
[White "Jones, Gawain C B"]
[Black "Sliwicka, Alicja"]
[WhiteFideId "409561"]
[BlackFideId "1150677"]
[WhiteElo "2657"]
[BlackElo "2120"]
[Result "1-0"]
[Round "01"]
[TimeControl "180+1"]
[Date "2022.05.17"]
[WhiteClock "0:01:55"]
[BlackClock "0:00:16"]

1. Nf3 c5 2. b3 Nc6 3. Bb2 d6 4. d4 cxd4 5. Nxd4 Nf6 6. g3 g6 7. Nxc6 bxc6 8. Bg2 Bd7 9. Bxf6 exf6 10. O-O Be7 11. c4 O-O 12. Nc3 f5 13. Qd3 Rc8 14. Rac1 Be6 15. Rfd1 Kg7 16. Qd4+ Bf6 17. Qxd6 Qa5 18. Na4 Rfd8 19. Qc5 Qc7 20. Qe3 Rxd1+ 21. Rxd1 Rd8 22. Rxd8 Qxd8 23. Qd3 Qa5 24. Bxc6 f4 25. gxf4 Bh3 26. Qxh3 Qe1+ 27. Qf1 Qd2 28. e3 Qxa2 29. Qd3 h5 30. e4 h4 31. e5 Be7 32. h3 Qa1+ 33. Kg2 Bb4 34. e6 fxe6 35. Qd7+ Kh6 36. Qxe6 Qc1 37. Be4 1-0


[Site "https://www.chess.com"]

[Event "Titled Tuesday Blitz May 17 Late 2022"]
[White "Kim, Sergey"]
[Black "Keymer, Vincent"]
[WhiteFideId "13700570"]
[BlackFideId "12940690"]
[WhiteElo "2510"]
[BlackElo "2548"]
[Result "0-1"]
[Round "01"]
[TimeControl "180+1"]
[Date "2022.05.17"]
[WhiteClock "0:00:02"]
[BlackClock "0:00:07"]

1. d4 Nf6 2. c4 e6 3. Nc3 Bb4 4. Qc2 c5 5. dxc5 O-O 6. Nf3 Na6 7. Bd2 Nxc5 8. e3 d6 9. Be2 e5 10. O-O h6 11. Rfd1 Qe7 12. Be1 Bxc3 13. Bxc3 a5 14. b3 Nfe4 15. Bb2 Bf5 16. Qc1 Rfc8 17. Nd2 Nf6 18. Nf3 b5 19. Qd2 Nfe4 20. Qe1 b4 21. Rac1 Rcb8 22. Nd2 Nf6 23. Nf3 a4 24. Nd2 Ra7 25. Ra1 a3 26. Bc1 Bc2 27. Nf3 Bxd1 28. Qxd1 Nfe4 29. Bd2 Nxd2 30. Nxd2 Rd7 31. Qc2 d5 32. cxd5 Rxd5 33. Bf3 Rd7 34. Nc4 e4 35. Be2 Rbd8 36. h3 Qf6 37. Rc1 Nd3 38. Rf1 Qc3 39. Qb1 g6 40. Nb6 Rd6 41. Nc4 Rd5 42. f3 exf3 43. Bxf3 Rf5 44. e4 Rf6 45. Qd1 Rfd6 46. Qe2 Ne5 47. Nxd6 Rxd6 48. Qb5 Kg7 49. Qe8 Rf6 50. Qb5 Qb2 51. Qe2 Rd6 52. Qe3 Rd2 53. Qf4 Qd4+ 54. Kh1 Rxa2 0-1


[Site "https://www.chess.com"]

[Event "Titled Tuesday Blitz May 17 Late 2022"]
[White "Kopczynski, Michal"]
[Black "Indjic, Aleksandar"]
[WhiteFideId "1124200"]
[BlackFideId "911925"]
[WhiteElo "2235"]
[BlackElo "2616"]
[Result "0-1"]
[Round "01"]
[TimeControl "180+1"]
[Date "2022.05.17"]
[WhiteClock "0:01:10"]
[BlackClock "0:01:45"]

1. e4 d5 2. exd5 Qxd5 3. Nc3 Qd6 4. d4 Nf6 5. Bd3 a6 6. Be3 g6 7. Qd2 Bg7 8. O-O-O O-O 9. Nge2 b5 10. f3 Bb7 11. Ne4 Nxe4 12. Bxe4 Bxe4 13. fxe4 e5 14. d5 Nd7 15. h4 f5 16. exf5 gxf5 17. h5 h6 18. Kb1 Nf6 19. Ng3 Ng4 20. Rhf1 Nxe3 21. Qxe3 f4 22. Qd3 fxg3 23. Qxg3 Qxd5 24. Rxf8+ Rxf8 25. Qg4 Qc4 26. Qg6 Qe2 27. Kc1 e4 28. c3 Kh8 29. Rd7 Rf1+ 30. Rd1 Rxd1# 0-1


[Site "https://www.chess.com"]

[Event "Titled Tuesday Blitz May 17 Late 2022"]
[White "Krishnan, Varun"]
[Black "Xiong, Jeffery"]
[WhiteFideId "5054508"]
[BlackFideId "2047640"]
[WhiteElo "2543"]
[BlackElo "2727"]
[Result "1-0"]
[Round "01"]
[TimeControl "180+1"]
[Date "2022.05.17"]
[WhiteClock "0:00:15"]
[BlackClock "0:00:04"]

1. e4 c6 2. d4 d5 3. exd5 cxd5 4. c4 Nf6 5. Nc3 g6 6. Qb3 Bg7 7. cxd5 O-O 8. Be2 Na6 9. Bf3 b5 10. Nge2 Rb8 11. O-O Rb6 12. Bd2 Nc7 13. Ne4 Nfxd5 14. Nc5 b4 15. Nf4 Nxf4 16. Bxf4 Bxd4 17. Rfd1 Nb5 18. Qxb4 Re8 19. a4 a5 20. Qc4 e5 21. axb5 Qe7 22. Be3 Bxe3 23. fxe3 Bf5 24. Bc6 Rc8 25. e4 Bg4 26. Rf1 h5 27. Rac1 h4 28. h3 Bh5 29. Rxf7 Qg5 30. Rf5+ 1-0


[Site "https://www.chess.com"]

[Event "Titled Tuesday Blitz May 17 Late 2022"]
[White "Lehtosaari, Mauri"]
[Black "Suleymanli, Aydin"]
[WhiteFideId "501999"]
[BlackFideId "13413937"]
[WhiteElo "2507"]
[BlackElo "2481"]
[Result "0-1"]
[Round "01"]
[TimeControl "180+1"]
[Date "2022.05.17"]
[WhiteClock "0:00:02"]
[BlackClock "0:00:31"]

1. d4 Nf6 2. Nf3 b6 3. Bg5 Bb7 4. Nbd2 d6 5. e3 Nbd7 6. Bc4 g6 7. c3 Bg7 8. O-O O-O 9. a4 a6 10. Re1 h6 11. Bxf6 exf6 12. Qc2 f5 13. Ba2 Kh7 14. e4 fxe4 15. Nxe4 Kh8 16. Qd3 d5 17. Ng3 Qf6 18. Re2 c5 19. Rae1 cxd4 20. Nxd4 Nc5 21. Qd1 Rfd8 22. h3 Bf8 23. Bb1 Rac8 24. Re3 Rc7 25. Re8 Kg8 26. Bc2 Rxe8 27. Rxe8 Rc8 28. Rxc8 Bxc8 29. Qe2 Bd7 30. b3 b5 31. axb5 axb5 32. Qf3 Qe5 33. b4 Na4 34. Qd3 Bg7 35. Nxb5 Bxb5 36. Qxb5 Nxc3 37. Qc5 Qe1+ 38. Kh2 Be5 39. b5 Ne2 40. Qc8+ Kg7 0-1


[Site "https://www.chess.com"]

[Event "Titled Tuesday Blitz May 17 Late 2022"]
[White "Manukyan, Sargis A."]
[Black "Pap, Gyula"]
[WhiteFideId "13303970"]
[BlackFideId "725323"]
[WhiteElo "2187"]
[BlackElo "2553"]
[Result "0-1"]
[Round "01"]
[TimeControl "180+1"]
[Date "2022.05.17"]
[WhiteClock "0:00:01"]
[BlackClock "0:00:04"]

1. d4 d5 2. e3 Nf6 3. Nf3 Bg4 4. Be2 Nbd7 5. O-O e6 6. b3 Bd6 7. Bb2 O-O 8. Nbd2 c5 9. dxc5 Nxc5 10. c4 dxc4 11. Nxc4 Be7 12. Qxd8 Rfxd8 13. Rfd1 Rxd1+ 14. Rxd1 Rc8 15. h3 Bf5 16. Nd4 Bg6 17. Bf3 Be4 18. Bxe4 Ncxe4 19. Nb5 a6 20. Bxf6 gxf6 21. Nd4 f5 22. Na5 Rc7 23. g4 Bh4 24. f3 Nf2 25. Rd2 Nxh3+ 26. Kg2 fxg4 27. fxg4 Ng5 28. Nf3 Nxf3 29. Kxf3 Bg5 30. Nc4 Kg7 31. Rh2 h6 32. Nd6 Rd7 33. Ne4 Rd5 34. Rc2 Rd7 35. Rc5 Kg6 36. Rc8 Rd3 37. Rc3 Rxc3 38. Nxc3 f5 39. gxf5+ exf5 40. e4 fxe4+ 41. Nxe4 Be7 42. Kf4 h5 43. Nc3 Bd6+ 44. Kf3 Kf5 45. Nd5 Ke6 46. Ne3 Be7 47. Ng2 h4 48. Ke4 Kd6 49. Nf4 Kc6 50. a4 Bd6 51. Nh3 Kc5 52. Kd3 Kb4 53. Kc2 Kc5 54. Kc3 Be5+ 55. Kd3 Kb4 56. Kc2 Bg3 57. Ng5 Be5 58. Nh3 Bd4 59. Ng5 Be3 60. Nh3 Bh6 61. Kb2 Kc5 62. Kc3 Kd5 63. Kd3 a5 64. Nf2 Ke6 65. Nh3 Kf5 66. Nf2 Kf4 67. Ke2 b6 68. Nd3+ Kg3 69. Kf1 h3 70. Kg1 Bf8 71. Kh1 Bd6 72. Nc1 Kf3 73. Na2 Ke3 74. b4 axb4 75. Nc1 Kd2 0-1


[Site "https://www.chess.com"]

[Event "Titled Tuesday Blitz May 17 Late 2022"]
[White "Matlakov, Maxim"]
[Black "Manukyan, Artyom"]
[WhiteFideId "4168003"]
[BlackFideId "13305786"]
[WhiteElo "2669"]
[BlackElo "2034"]
[Result "0-1"]
[Round "01"]
[TimeControl "180+1"]
[Date "2022.05.17"]
[WhiteClock "0:01:44"]
[BlackClock "0:00:27"]

1. d4 d5 2. c4 e6 3. Nf3 Nf6 4. Bg5 Be7 5. e3 h6 6. Bxf6 Bxf6 7. Qc2 c5 8. cxd5 cxd4 9. Bb5+ Bd7 10. dxe6 Qa5+ 11. Nbd2 Qxb5 12. exd7+ Qxd7 13. Qe4+ Qe7 14. Nxd4 Bxd4 15. Qxd4 O-O 16. O-O Nc6 17. Qa4 Rfd8 18. Nf3 a6 19. Rac1 Qe6 20. Rfd1 Qf6 21. Qb3 Qe7 22. h3 a5 23. a3 a4 24. Qb4 Nxb4 25. axb4 Rxd1+ 26. Rxd1 Rd8 27. Nd4 Qxb4 28. Rb1 Rxd4 29. exd4 a3 30. d5 a2 0-1


[Site "https://www.chess.com"]

[Event "Titled Tuesday Blitz May 17 Late 2022"]
[White "Melian, Juan Sebastian"]
[Black "Salem, A.R. Saleh"]
[WhiteFideId "3706575"]
[BlackFideId "9301348"]
[WhiteElo "1851"]
[BlackElo "2679"]
[Result "0-1"]
[Round "01"]
[TimeControl "180+1"]
[Date "2022.05.17"]
[WhiteClock "0:00:47"]
[BlackClock "0:00:31"]

1. e4 c5 2. b3 e5 3. Bb2 d6 4. Bb5+ Nd7 5. d3 Nf6 6. Nd2 a6 7. Bxd7+ Bxd7 8. Ne2 Nh5 9. O-O g5 10. Nc3 Nf4 11. Nd5 Nxd5 12. exd5 Bg7 13. Qh5 h6 14. f4 gxf4 15. Rxf4 O-O 16. Rf2 f5 17. Raf1 b5 18. Nf3 f4 19. Nd2 Rf5 20. Qe2 Qf6 21. Ne4 Qg6 22. Kh1 Raf8 23. g3 fxg3 24. Nxg3 Rxf2 25. Rxf2 Rxf2 26. Qxf2 Bg4 27. Kg2 h5 28. h3 Bd1 29. Kf1 Bxc2 30. Ke1 Bxd3 31. Qe3 Bh6 32. Qf2 Bf4 33. Nf1 Qe4+ 34. Kd1 Bxf1 35. Qxf1 Qb1+ 0-1


[Site "https://www.chess.com"]

[Event "Titled Tuesday Blitz May 17 Late 2022"]
[White "Melkumyan, Hrant"]
[Black "Bettalli, Francesco"]
[WhiteFideId "13302485"]
[BlackFideId "2816453"]
[WhiteElo "2604"]
[BlackElo "2216"]
[Result "1-0"]
[Round "01"]
[TimeControl "180+1"]
[Date "2022.05.17"]
[WhiteClock "0:00:19"]
[BlackClock "0:00:03"]

1. c4 c5 2. g3 g6 3. Bg2 Bg7 4. Nf3 Nc6 5. O-O d6 6. Nc3 e6 7. d4 cxd4 8. Nb5 e5 9. Bg5 f6 10. Bd2 a6 11. Na3 Nge7 12. e3 f5 13. Re1 O-O 14. exd4 e4 15. Ng5 h6 16. Nh3 Nxd4 17. Nf4 Nec6 18. Bc3 g5 19. Nd5 Ne6 20. Bxg7 Kxg7 21. Nc2 Ne5 22. b3 Nd3 23. Re3 Nec5 24. Ne1 Nxe1 25. Qxe1 Be6 26. Rd1 Re8 27. Qc3+ Kg6 28. Nb4 a5 29. Nc2 Qe7 30. Nd4 Bd7 31. a3 f4 32. Ree1 f3 33. Bxf3 Bh3 34. b4 axb4 35. axb4 Na4 36. Qc2 Qf6 37. Bxe4+ Kg7 38. Nb5 d5 39. Bxd5 Nb6 40. Bxb7 Rab8 41. Rxe8 Rxe8 42. c5 Nd7 43. Nd6 Rb8 44. Bg2 g4 45. Bxh3 gxh3 46. Nf5+ Kf8 47. Rxd7 Rxb4 48. c6 Qxc6 49. Rd8+ Kf7 50. Qa2+ Kf6 51. Rd6+ Qxd6 52. Nxd6 Rd4 53. Qa1 Ke5 54. Nb5 1-0


[Site "https://www.chess.com"]